 Dungeon Crawl Stone Soup version 0.17.0-56-gd8de76c (webtiles) character file.

83685 Hanyuu the Black Belt (level 15, -22/108 HPs)
             Began as an Octopode Transmuter on Nov 15, 2015.
             Was the Champion of Makhleb.
             Annihilated by a giant leech (32 damage)
             ... on level 3 of the Swamp on Dec 6, 2015.
             The game lasted 01:56:15 (29075 turns).

Hanyuu the Black Belt (Octopode Transmuter)        Turns: 29075, Time: 01:56:15

Health: -22/108    AC:  8    Str:  9    XL:     15   Next: 77%
Magic:  35/36      EV: 26    Int: 21    God:    Makhleb [******]
Gold:   1477       SH:  0    Dex: 17    Spells: 9 memorised, 2 levels left

rFire  + + .     SeeInvis .       - Unarmed
rCold  . . .     Clarity  .     (shield currently unavailable)
rNeg   . . .     SustAt   .     o - +2 hat
rPois  +         Gourm    .     l - amulet of faith
rElec  .         Spirit   .     d - ring of protection from cold
rCorr  .         Warding  .     Y - ring of Zin's Regard {+Fly rPois}
rMut   .         Stasis   .     V - ring of magical power
MR     +....                    u - ring of fire
Stlth  +++.......               a - +5 ring of evasion
                                Q - +5 ring of protection
                                m - ring of protection from fire
                                K - ring "Paiqife" {Dex+3 Slay+3}

@: blade tentacles, very slightly contaminated, somewhat resistant to hostile
enchantments, fairly stealthy
A: almost no armour, amphibious, 8 rings, constrict 8, camouflage 1, mutation
resistance 1, gelatinous body 1
a: End Transformation, Minor Destruction, Lesser Servant of Makhleb, Major
Destruction, Greater Servant of Makhleb, Renounce Religion, Evoke Flight


You were on level 3 of the Swamp.
You worshipped Makhleb.
Makhleb was exalted by your worship.
You were not hungry.
You had blades for tentacles.
You visited 5 branches of the dungeon, and saw 29 of its levels.
You also visited: Volcano.

You collected 2951 gold pieces.
You spent 1474 gold pieces at shops.

Inventory:

Missiles
 r - 3 throwing nets
 F - 4 poisoned javelins (quivered)
Armour
 o - a +2 hat (worn)
Magical Staves
 b - an uncursed staff of wizardry
Jewellery
 a - a +5 ring of evasion (on tentacle)
 d - a ring of protection from cold (left scythe-like blade)
 l - an amulet of faith (around mantle)
 m - a ring of protection from fire (on tentacle)
 u - a ring of fire (on tentacle)
 C - an uncursed ring of see invisible
 D - an uncursed amulet of stasis
 K - the ring "Paiqife" (on tentacle) {Dex+3 Slay+3}
   (You bought it in a shop on level 4 of the Orcish Mines)

   [ring of slaying]

   It affects your dexterity (+3).
   It affects your accuracy and damage with ranged weapons and melee attacks
   (+3).
 M - an uncursed amulet of resist mutation
 P - an uncursed ring of ice
 Q - a +5 ring of protection (on tentacle)
 V - a ring of magical power (on tentacle)
 Y - the ring of Zin's Regard (right scythe-like blade) {+Fly rPois}
   (You acquired it on level 5 of the Lair of Beasts)

   [ring of flight]

   It protects you from poison.
   It lets you fly.
Wands
 y - a wand of digging (10)
 J - a wand of teleportation (5)
 R - a wand of lightning (4)
Scrolls
 e - 3 scrolls of teleportation
 h - 2 scrolls of magic mapping
 i - 4 scrolls of enchant weapon
 j - 11 scrolls of remove curse
 s - 3 scrolls of enchant armour
 t - a scroll of blinking
 x - 5 scrolls of fog
 A - 4 scrolls of identify
 I - 2 scrolls of recharging
 W - 2 scrolls of amnesia
Potions
 k - 6 potions of might
 n - 2 potions of resistance
 p - 3 potions of cancellation
 q - 9 potions of curing
 w - 5 potions of lignification
 B - a potion of haste
 E - 5 potions of brilliance
 G - a potion of invisibility
 L - a potion of flight
 N - 2 potions of mutation
 O - 3 potions of magic
 S - a potion of berserk rage
 Z - 5 potions of agility
Books
 f - a book of the Warp

   Spells                             Type                      Level
   a - Recall                         Summoning/Translocation      3
   b - Gell's Gravitas                Hexes/Translocation          3
   c - Force Lance                    Conjuration/Translocation    4
   d - Phase Shift                    Translocation                5
   e - Warp Weapon                    Charms/Translocation         5
   f - Summon Forest                  Summoning/Translocation      5
 g - a book of Fire

   Spells                             Type                      Level
   a - Ignite Poison                  Fire/Transmutation/Poison    3
   b - Fireball                       Conjuration/Fire             5
   c - Bolt of Fire                   Conjuration/Fire             6
   d - Delayed Fireball               Conjuration/Fire             7
   e - Ring of Flames                 Charms/Fire                  7
 z - a book of Changes

   Spells                             Type                      Level
   a - Beastly Appendage              Transmutation                1
   b - Sticks to Snakes               Transmutation                2
   c - Spider Form                    Transmutation/Poison         3
   d - Ice Form                       Ice/Transmutation            4
   e - Blade Hands                    Transmutation                5
 H - a book of Enchantments

   Spells                             Type                      Level
   a - Cause Fear                     Hexes                        4
   b - Silence                        Hexes/Air                    5
   c - Deflect Missiles               Charms/Air                   6
   d - Haste                          Charms                       6
   e - Discord                        Hexes                        8
 T - Sif Muna's Compendium of Confrontation
   (You found it on level 3 of the Orcish Mines)

   Spells                             Type                      Level
   a - Flame Tongue                   Conjuration/Fire             1
 U - a book of Burglary

   Spells                             Type                      Level
   a - Swiftness                      Charms/Air                   2
   b - Passwall                       Transmutation/Earth          3
   c - Passage of Golubria            Translocation                4
   d - Lee's Rapid Deconstruction     Earth                        5
   e - Darkness                       Hexes                        6
   f - Invisibility                   Hexes                        6
Miscellaneous
 X - a box of beasts
Comestibles
 c - 13 bread rations
 v - 12 meat rations


   Skills:
 + Level 11.9 Fighting
 + Level 12.3 Dodging
 * Level 16.7 Unarmed Combat
 - Level 8.0 Spellcasting
 - Level 6.0 Charms
 - Level 9.1 Transmutations
 - Level 1.0 Poison Magic


You had 2 spell levels left.
You knew the following spells:

 Your Spells              Type           Power        Failure   Level  Hunger
a - Beastly Appendage     Trmt           #####.       10%         1    None
b - Sticks to Snakes      Trmt           #####.....   12%         2    None
c - Spider Form           Trmt/Pois      ####......   24%         3    None
d - Blade Hands           Trmt           #####.....   36%         5    #####..
e - Deflect Missiles      Chrm/Air       ###.......   100%        6    ######.
f - Regeneration          Chrm/Necr      ###.......   45%         3    None
g - Passwall              Trmt/Erth      ####......   28%         3    None
h - Swiftness             Chrm/Air       ###.....     28%         2    None
i - Ignite Poison         Fire/Trmt/Pois ####....     45%         3    None


Dungeon Overview and Level Annotations

Branches:
Dungeon (13/15)            Temple (1/1) D:5            Lair (8/8) D:8
  Swamp (3/4) Lair:3        Snake (0/4) Lair:4        Slime (0/6) Lair:8
    Orc (4/4) D:11            Elf (0/3) Orc:3        Vaults (0/5) D:13

Altars:
Ashenzari
Cheibriados
Dithmenos
Elyvilon
Fedhas
Gozag
Kikubaaqudgha
Makhleb
Nemelex Xobeh
Okawaru
Qazlal
Ru
Sif Muna
Trog
Vehumet
Xom
Yredelemnul
Zin
The Shining One
Beogh

Shops:
D:4 }   D:6 =   Orc:4 [(=*(

Annotations:
D:3 Grinder
D:4 exclusion: worker ant, Duvessa
Lair:5 Nessos


Innate Abilities, Weirdness & Mutations

You cannot wear most types of armour.
You are amphibious.
You can wear up to eight rings at the same time.
You can use your tentacles to constrict eight enemies at once.
Your skin changes colour to match your surroundings (Stealth).
Your rubbery body absorbs attacks (AC +1).
You are somewhat resistant to further mutation.


Message History

You hear a chilling moan. x2
Read which item? (? for menu, Esc to quit)
Blink to where?
Press: ? - help, Dir - move target cursor You are very lightly contaminated with residual magic.
As you read the scroll of blinking, it crumbles to dust.
The vampire mosquito misses you.
The vampire mosquito completely misses you. x2
The vampire mosquito bites you.
* * * LOW HITPOINT WARNING * * *
The swamp worm closely misses you.
You climb downwards.
A ghost crab comes into view.
There is a stone staircase leading up here.
You slice the giant leech!!
The giant leech is moderately wounded.
The vampire mosquito bites you but does no damage.
The vampire mosquito completely misses you.
The giant leech bites you!!
You die...

♣♣♣♣ ♣≈≈≈.♣♣♣♣
♣..≈≈y@y♣
♣≈.....w..≈♣
..♣.≈.......≈≈.
≈...≈..≈≈..≈♣§≈
≈≈..≈≈.≈≈..≈♣ ≈
≈≈.t♣♣♣♣♣♣♣..≈
≈≈.♣ ≈≈≈≈ ≈≈.
≈≈≈


You could see a giant leech, a ghost crab and 2 vampire mosquitoes.

Vanquished Creatures
  Rupert (Orc:4)
  A stone giant (Orc:4)
  The ghost of Nicoed the Summoner, a journeyman NaSu of Cheibriados (Lair:6)
  3 ettins (Orc:4)
  2 vault guards (D:13)
  Fannar (Lair:2)
  A catoblepas (Lair:8)
  5 hydras
  A deep troll shaman (Lair:8)
  2 alligators (Swamp:1)
  The ghost of Chiseanne the Unseen, a journeyman SpAs (D:13)
  An orc high priest (Orc:2)
  6 death yaks
  A wizard (D:13)
  An orc knight (Orc:2)
  A swamp dragon (Swamp:1)
  3 hill giants
  8 cyclopes (Orc:4)
  An unseen horror (D:12)
  2 ugly things
  A necromancer (D:13)
  3 griffons
  An orc sorcerer (Orc:3)
  A manticore (D:13)
  9 elephants
  5 black mambas
  Joseph (D:8)
  2 gargoyles (D:12)
  3 torpor snails
  An eye of devastation (Lair:8)
  9 spiny frogs
  8 komodo dragons
  A yaktaur (D:13)
  2 fire drakes
  2 giant leeches (Swamp:1)
  A two-headed ogre (D:10)
  6 trolls
  3 polar bears
  A bog body (Swamp:1)
  17 blink frogs
  5 slime creatures (D:12)
  48 yaks
  A wyvern (D:12)
  4 spriggans (Swamp:1)
  A shadow (Swamp:1)
  A deep elf mage (D:13)
  3 basilisks
  3 vampires (Volcano)
  2 hungry ghosts
  13 hippogriffs
  7 vampire mosquitoes
  18 humans (D:13)
  2 wraiths
  28 wolves
  4 swamp worms (Swamp:1)
  An insubstantial wisp (Swamp:1)
  A warg (Orc:4)
  8 porcupines
  3 sky beasts
  14 water moccasins
  2 swamp drakes (Swamp:1)
  2 ice beasts
  A black bear (Lair:8)
  4 wasps (Swamp:1)
  An eye of draining (Lair:8)
  27 orc warriors
  4 phantoms
  A centaur (D:12)
  14 ogres
  11 crocodiles
  16 giant frogs
  A gnoll sergeant (D:10)
  3 big kobolds (D:8)
  A wyvern zombie (D:10)
  A wyvern skeleton (D:6)
  5 scorpions
  2 water moccasin skeletons
  Dowan (D:4)
  25 killer bees
  4 electric eels
  13 wights
  3 quasits
  8 crimson imps
  3 centaur skeletons
  A giant frog zombie (D:10)
  4 jellies
  7 hounds
  32 orc wizards
  3 giant frog skeletons
  26 orc priests
  A wasp zombie (D:8)
  8 iguanas
  11 worker ants
  17 sheep
  A hound zombie (D:8)
  3 hound skeletons
  2 worker ant zombies
  17 gnolls
  17 river rats
  12 adders
  2 shadow imps
  An ooze (D:3)
  2 adder skeletons
  2 adder zombies
  2 worms
  8 giant geckos
  180 orcs
  3 ball pythons
  4 bats
  6 goblins
  8 hobgoblins
  12 jackals
  4 kobolds
  12 giant cockroaches
  8 giant newts
  A jackal skeleton (D:8)
  A jackal zombie (D:5)
  7 quokkas
  3 fungi
868 creatures vanquished.

Vanquished Creatures (others)
  A worker ant (D:7)
  A giant gecko (D:7)
  A quokka (D:7)
  2 bushes (Lair:7)
  17 fungi
  18 plants
40 creatures vanquished.

Grand Total: 908 creatures vanquished

Notes
Turn   | Place    | Note
--------------------------------------------------------------
     0 | D:1      | Hanyuu the Octopode Transmuter began the quest for the Orb.
     0 | D:1      | Reached XP level 1. HP: 13/13 MP: 3/3
    49 | D:1      | Reached XP level 2. HP: 9/18 MP: 5/5
   548 | D:1      | Reached skill level 4 in Unarmed Combat
   548 | D:1      | Reached XP level 3. HP: 20/23 MP: 4/6
   654 | D:1      | Learned a level 2 spell: Sticks to Snakes
   658 | D:1      | Learned a level 3 spell: Spider Form
   805 | D:2      | Reached skill level 1 in Poison Magic
  1153 | D:2      | Reached XP level 4. HP: 18/29 MP: 3/7
  2115 | D:3      | Noticed Grinder
  2130 | D:3      | Found a white marble altar of Elyvilon.
  2432 | D:3      | Reached XP level 5. HP: 32/35 MP: 6/8
  2529 | D:3      | Reached skill level 5 in Unarmed Combat
  2734 | D:4      | Noticed a phantom
  2761 | D:4      | Killed a phantom
  2761 | D:4      | Reached XP level 6. HP: 32/42 MP: 4/9
  2869 | D:4      | Noticed Duvessa
  2869 | D:4      | Noticed Dowan
  2936 | D:4      | Found Aniabbuh's Gadget Shoppe.
  3717 | D:4      | Noticed an ogre
  3727 | D:4      | Killed an ogre
  3727 | D:4      | Reached XP level 7. HP: 44/46 MP: 6/10
  4037 | D:4      | Killed Dowan
  4074 | D:4      | Gained mutation: You are somewhat resistant to further mutation. [potion of beneficial mutation]
  4135 | D:4      | Reached skill level 6 in Unarmed Combat
  4146 | D:5      | Entered Level 5 of the Dungeon
  4573 | D:5      | Reached XP level 8. HP: 42/54 MP: 7/11
  4594 | D:5      | Found a staircase to the Ecumenical Temple.
  4620 | Temple   | Entered the Ecumenical Temple
  4673 | Temple   | Became a worshipper of Makhleb the Destroyer
  5244 | D:5      | Found a deep blue altar of Sif Muna.
  5376 | D:6      | Reached * piety under Makhleb
  5400 | D:6      | Reached skill level 5 in Transmutations
  5572 | D:6      | Reached skill level 7 in Unarmed Combat
  5649 | D:6      | Reached skill level 5 in Fighting
  6096 | D:6      | Found Imepnooth's Jewellery Shop.
  6241 | D:6      | Reached XP level 9. HP: 51/61 MP: 8/12
  6243 | D:6      | Reached ** piety under Makhleb
  6244 | D:6      | Upgraded the game from 0.17.0-23-g0de4337 to 0.17.0-28-g6e173f8
  6699 | D:7      | Reached skill level 5 in Dodging
  6714 | D:7      | Found an iron altar of Okawaru.
  6733 | D:7      | Found a radiant altar of Vehumet.
  6762 | D:7      | Reached skill level 8 in Unarmed Combat
  7144 | D:7      | Reached *** piety under Makhleb
  7353 | D:8      | Found a shattered altar of Ashenzari.
  7490 | D:8      | Reached skill level 9 in Unarmed Combat
  7711 | D:8      | Noticed a three-headed hydra
  7721 | D:8      | Killed a three-headed hydra
  7721 | D:8      | Reached XP level 10. HP: 19/69 MP: 13/16
  8004 | D:8      | Noticed Joseph
  8343 | D:8      | Found a shimmering altar of Xom.
  8432 | D:8      | Reached **** piety under Makhleb
  8530 | D:8      | Found a bloodstained altar of Trog.
  8600 | D:8      | Found a stormy altar of Qazlal.
  8802 | D:8      | Killed Joseph
  8802 | D:8      | Reached skill level 10 in Unarmed Combat
  8877 | D:8      | Found a staircase to the Lair.
  8909 | D:8      | Reached skill level 5 in Spellcasting
  8931 | D:8      | Found a glowing golden altar of the Shining One.
  9011 | D:8      | Reached ***** piety under Makhleb
  9106 | D:8      | HP: 1/71 [troll (15)]
  9316 | Lair:1   | Entered Level 1 of the Lair of Beasts
  9377 | Lair:1   | Reached XP level 11. HP: 54/76 MP: 18/18
 10206 | Lair:1   | Reached skill level 11 in Unarmed Combat
 10480 | Lair:2   | Noticed Fannar
 10527 | Lair:2   | HP: 1/77 [wolf (9)]
 11173 | Lair:2   | Killed Fannar
 11779 | Lair:3   | Reached ****** piety under Makhleb
 11941 | Lair:3   | Learned a level 5 spell: Blade Hands
 12371 | Lair:3   | Reached skill level 12 in Unarmed Combat
 12887 | Lair:3   | Found a staircase to the Swamp.
 13176 | Lair:4   | Reached XP level 12. HP: 84/84 MP: 17/19
 13268 | Lair:4   | Found a staircase to the Snake Pit.
 14348 | Lair:4   | Upgraded the game from 0.17.0-28-g6e173f8 to 0.17.0-56-gd8de76c
 14401 | Lair:5   | Reached skill level 13 in Unarmed Combat
 14943 | Lair:5   | Identified a scroll of acquirement
 14946 | Lair:5   | Got a brightly glowing lapis lazuli ring
 14947 | Lair:5   | Identified the ring of Zin's Regard {+Fly rPois} (You acquired it on level 5 of the Lair of Beasts)
 15005 | Lair:5   | Noticed Nessos
 15014 | Lair:5   | Learned a level 6 spell: Deflect Missiles
 15379 | Lair:6   | Reached skill level 1 in Charms
 15787 | Lair:6   | Noticed Nicoed's ghost (journeyman NaSu)
 15807 | Lair:6   | Killed Nicoed's ghost
 15807 | Lair:6   | Reached XP level 13. HP: 80/90 MP: 22/22
 16561 | Lair:7   | Reached skill level 10 in Dodging
 17178 | Lair:8   | Entered Level 8 of the Lair of Beasts
 17251 | Lair:8   | Learned a level 3 spell: Regeneration
 17255 | Lair:8   | Found a staircase to the Slime Pits.
 17503 | Lair:8   | Reached skill level 14 in Unarmed Combat
 17790 | Lair:8   | Reached skill level 10 in Fighting
 18181 | Lair:8   | Learned a level 3 spell: Passwall
 18184 | Lair:8   | Learned a level 2 spell: Swiftness
 19409 | Lair:7   | Reached XP level 14. HP: 99/99 MP: 24/24
 19732 | Lair:8   | Reached skill level 15 in Unarmed Combat
 20201 | D:9      | Learned a level 3 spell: Ignite Poison
 20235 | D:9      | Found a shadowy altar of Dithmenos.
 20307 | D:9      | Found a snail-covered altar of Cheibriados.
 20640 | D:10     | Entered Level 10 of the Dungeon
 21655 | D:11     | Found a staircase to the Orcish Mines.
 22080 | D:12     | Found a burning altar of Makhleb.
 22080 | D:12     | Noticed a balrug
 22960 | D:13     | Noticed Chiseanne's ghost (journeyman SpAs)
 22977 | D:13     | Killed Chiseanne's ghost
 23161 | D:13     | Found a gate to the Vaults.
 23574 | D:13     | Reached XP level 15. HP: 107/107 MP: 27/27
 23672 | D:13     | Reached skill level 5 in Charms
 24348 | Orc:1    | Entered Level 1 of the Orcish Mines
 24753 | Orc:2    | Reached skill level 16 in Unarmed Combat
 24838 | Orc:2    | Found a roughly hewn altar of Beogh.
 26072 | Orc:3    | Found a staircase to the Elven Halls.
 26419 | Orc:4    | Entered Level 4 of the Orcish Mines
 26420 | Orc:4    | Noticed Rupert
 26438 | Orc:4    | Killed Rupert
 26449 | Orc:4    | Found Ymiulef's General Store.
 26498 | Orc:4    | Bought 2 potions of curing for 72 gold pieces
 26498 | Orc:4    | Bought a cursed ring of fire for 264 gold pieces
 26510 | Orc:4    | Got a warped hat
 26516 | Orc:4    | Identified the -5 hat "Iceali" {rElec rC+} (You acquired it on level 4 of the Orcish Mines)
 26556 | Orc:4    | Found Wadaon's Antique Weapon Shoppe.
 26617 | Orc:4    | Found Dodur's Jewellery Emporium.
 26671 | Orc:4    | Found a dark tunnel.
 26679 | Volcano  | Entered a volcano
 26984 | Orc:4    | Bought an uncursed ring of see invisible for 210 gold pieces
 26984 | Orc:4    | Bought the ring "Paiqife" {Dex+3 Slay+3} for 816 gold pieces
 27308 | Orc:4    | Found Ykyshrun's Antique Armour Boutique.
 27364 | Orc:4    | Bought a hat for 112 gold pieces
 27403 | Orc:4    | Found Amoodol's Antique Weapon Shoppe.
 27764 | Orc:3    | Found a deep blue altar of Sif Muna.
 27789 | Orc:3    | Identified Sif Muna's Compendium of Confrontation
 28296 | Swamp:1  | Entered Level 1 of the Swamp
 29075 | Swamp:3  | Annihilated by a giant leech

Action                   |  1- 3 |  4- 6 |  7- 9 | 10-12 | 13-15 || total
-------------------------+-------+-------+-------+-------+-------++-------
Melee: Unarmed           |    86 |   155 |   358 |   759 |  1377 ||  2735
Throw: Javelin           |       |       |       |     8 |    11 ||    19
 Cast: Beastly Appendage |     8 |    11 |     7 |     3 |     2 ||    31
       Spider Form       |     1 |     4 |    28 |    54 |    32 ||   119
       Blade Hands       |       |       |       |     7 |    64 ||    71
       Regeneration      |       |       |       |       |     3 ||     3
       Swiftness         |       |       |       |       |     4 ||     4
       Ignite Poison     |       |       |       |       |     1 ||     1
 Abil: End Transformatio |       |       |       |       |     1 ||     1
Evoke: Wand              |       |       |       |     1 |     9 ||    10
  Use: Scroll            |       |       |    19 |    16 |    17 ||    52
       Potion            |       |       |     4 |    11 |     3 ||    18
 Stab: Sleeping          |     2 |     5 |     5 |     6 |    16 ||    34
       Distracted        |       |     1 |       |     3 |     3 ||     7
       Confused          |       |       |       |       |     1 ||     1
  Eat: Chunk             |     1 |     7 |    12 |    28 |    39 ||    87
       Beef jerky        |       |     1 |       |     1 |     1 ||     3
       Meat ration       |       |       |     1 |     1 |     3 ||     5
       Fruit             |       |       |       |     7 |       ||     7
       Bread ration      |       |       |       |       |     1 ||     1
       Royal jelly       |       |       |       |       |     1 ||     1
